 Dungeon Crawl Stone Soup version 0.26.1-11-gd32895ea62 (webtiles) character file.

Game seed: 4725523259580636578

310122 infcreate the Tortoise (level 22, -2/183 HPs)
             Began as a Human Berserker on July 22, 2021.
             Was the Champion of Trog.
             Slain by a stone giant (19 damage)
             ... on level 3 of the Vaults on July 23, 2021.
             The game lasted 03:05:06 (44756 turns).

infcreate the Tortoise (Human Berserker)           Turns: 44756, Time: 03:05:07

Health: -2/183     AC: 38    Str: 29    XL:     22   Next: 18%
Magic:  22/22      EV: 19    Int:  9    God:    Trog [******]
Gold:   1051       SH:  0    Dex: 15    Spells: 21/21 levels left

rFire    + + .     SeeInvis +   Z - +10 great sword of Goedd {vorpal, rF+}
rCold    . . .     Faith    .   (shield currently unavailable)
rNeg     + . .     Spirit   .   W - +7 plate armour {rF+}
rPois    +         Reflect  .   V - +0 helmet
rElec    .         Harm     .   a - +2 cloak {rPois}
rCorr    .         Rampage  .   K - +1 pair of gloves
Will     ++++.                  P - +2 pair of boots
Stlth    ..........             g - amulet of regeneration
HPRegen  1.80/turn              M - ring "Olegieh" {rN+ Str+5}
MPRegen  0.18/turn              v - ring of see invisible

@: berserk cooldown, regenerating, slowed, very slow
A: strong-willed 1
}: 2/15 runes: decaying, serpentine
a: Renounce Religion, Berserk, Trog's Hand, Brothers in Arms


You were on level 3 of the Vaults.
You worshipped Trog.
Trog was exalted by your worship.
You visited 6 branches of the dungeon, and saw 34 of its levels.
You visited the Abyss 1 time.
You visited 1 bazaar.
You also visited: Bailey, Ice Cave and Volcano.

You collected 3576 gold pieces.
You spent 2525 gold pieces at shops.


Innate Abilities, Weirdness & Mutations

You are strong-willed. (Will+)


   Skills:
 * Level 17.9 Fighting
 * Level 17.9 Long Blades
 + Level 9.9 Crossbows
 * Level 19.4 Armour
 * Level 17.7 Dodging


You had 21 spell levels left.
You didn't know any spells.
Your spell library was empty.

Inventory:

Hand Weapons
 n - a +2 arbalest of freezing
 q - the +5 triple sword of Ruhag {freeze, *Slow rN+ Dex+5}
   (You acquired it on level 1 of the Lair of Beasts)

   It has been specially enchanted to freeze those struck by it, causing extra
   injury to most foes and up to half again as much damage against particularly
   susceptible opponents.
   It can also slow down cold-blooded creatures.
   It affects your dexterity (+5).
   It protects you from negative energy.
   It may slow you when you take damage.
 z - the +6 great sword "Uqeh" {flame, *Corrode Will+ Dex+3}
   (Trog gifted it to you on level 5 of the Lair of Beasts)

   It has been specially enchanted to burn those struck by it, causing extra
   injury to most foes and up to half again as much damage against particularly
   susceptible opponents.
   Big, fiery blades are also staple armaments of hydra-hunters.
   It affects your dexterity (+3).
   It affects your willpower, your defense against some magical effects.
   It may corrode you when you take damage.
 Z - the +10 great sword of Goedd (weapon) {vorpal, rF+}
   (Trog gifted it to you on level 1 of the Vaults)

   It inflicts extra damage upon your enemies.
   It protects you from fire.
Missiles
 f - 890 bolts
Armour
 a - a +2 cloak of poison resistance (worn)
 I - a scarf of repulsion
 K - a +1 pair of gloves (worn)
 P - a +2 pair of boots (worn)
 T - a +2 cloak of preservation
 V - a +0 helmet (worn)
 W - a +7 plate armour of fire resistance (worn)
Jewellery
 d - an uncursed ring of willpower
 g - an amulet of regeneration (around neck)
 v - a ring of see invisible (right hand)
 C - an uncursed ring of protection from cold
 D - a +6 ring of dexterity
 M - the ring "Olegieh" (left hand) {rN+ Str+5}
   (You found it on level 12 of the Dungeon)

   [ring of positive energy]

   It affects your strength (+5).
   It protects you from negative energy.
 N - an uncursed ring of positive energy
 R - an uncursed ring of resist corrosion
 X - an uncursed ring of stealth {unknown}
 Y - the ring of Ziajemeoqi {rElec rF+ rC+}
   (You bought it in a shop on level 3 of the Snake Pit)

   [ring of protection from cold]

   It protects you from fire.
   It protects you from cold.
   It insulates you from electricity.
Wands
 G - a wand of random effects (72)
 U - a wand of acid (16)
Scrolls
 e - 15 scrolls of teleportation {@r4}
 k - 2 scrolls of silence {!r}
 o - 3 scrolls of immolation
 r - 21 scrolls of remove curse {@r2}
 u - 4 scrolls of magic mapping
 B - 16 scrolls of identify {@r1}
 E - a scroll of fog
 L - 3 scrolls of enchant weapon
 Q - a scroll of blinking
 S - 3 scrolls of fear
Potions
 b - 16 potions of curing {@q1}
 c - a potion of magic {unknown}
 h - 3 potions of lignification
 i - 3 potions of mutation
 j - 4 potions of berserk rage {!q}
 l - 3 potions of invisibility
 m - 7 potions of might
 p - 6 potions of attraction
 s - 3 potions of cancellation
 t - 2 potions of heal wounds {@q2}
 w - 3 potions of flight
 x - 7 potions of haste {@q3}
 A - 4 potions of resistance
 O - 8 potions of ambrosia

Dungeon Overview and Level Annotations

Branches:
Dungeon (15/15)            Temple (0/1) D:5            Lair (6/6) D:9
  Swamp (4/4) Lair:3        Snake (4/4) Lair:2        Slime (0/5) Lair:6
    Orc (2/2) D:10            Elf (0/3) Orc:2        Vaults (3/5) D:13
  Crypt (0/3) Vaults:2     Depths (0/5) D:15         Bailey (visited)
  IceCv (visited)         Volcano (visited)

Altars:
Elyvilon
Gozag
Hepliaklqana
Kikubaaqudgha
Okawaru
Qazlal
Sif Muna
Trog
Uskayaw
Wu Jian
Yredelemnul
Zin
The Shining One
Beogh
Jiyva

Shops:
D:8 *   D:10 :   D:11 (   D:12 [   D:15 (   Orc:1 (   Orc:2 =(:*   Snake:1 ([
Snake:3 }=}   Snake:4 (   Vaults:1 :

Portals:
Trove: D:13 (give +5 demon trident)

▓..▓ ▓..▓...
▓..▓... ...+
▓..+..▓▓▓▓▓▓▓C.▓
▓..▓..▓.....▓..▓
▓..▓..▓.....▓..▓
▓..▓..▓....(▓p.▓
▓..▓.)▓@....▓..▓
▓..▓eeC()..(▓.p▓
▓..+(p▓▓▓▓▓▓▓C(▓
▓..+..epe.e.p..▓
▓..▓....c.>.p..▓
▓..▓▓▓▓▓▓▓▓▓▓▓▓▓
▓..▓ ▓..▓ ▓..▓


You could see a stone giant, a vault sentinel (strong), a deep elf knight and a
deep elf mage.


Message History

The shard of ice hits you!
* * * LOW HITPOINT WARNING * * *
Items here: ((( ) [ †.
You close the door, pushing everything out of the way.
A deep elf knight opens the door.
The stone giant throws a large rock.
The large rock closely misses you.
The vault sentinel shoots a bolt.
The bolt completely misses you.
The deep elf knight gestures at you while chanting.
The shard of ice misses you.
The stone giant throws a large rock.
The large rock hits you!!
* * * LOW HITPOINT WARNING * * *
The deep elf knight shoots an arrow.
The arrow hits you but does no damage.
Items here: (( )) [ ††.
You barely miss the stone giant.
The stone giant is moderately wounded.
The vault sentinel blows a loud note on a signal horn!
The stone giant hits you!!
* * * LOW HITPOINT WARNING * * *
You hear a shout!
You slice the stone giant!!
The stone giant is severely wounded.
The stone giant misses you.
You barely miss the stone giant.
The stone giant is severely wounded.
The stone giant hits you!
* * * LOW HITPOINT WARNING * * *
Your plate armour prevents you from hitting the stone giant.
The stone giant is severely wounded.
The stone giant hits you!!
You die...

Skill      XL: |  1  2  3  4  5  6  7  8  9 10 11 12 13 14 15 16 17 18 19 20 21 |
---------------+----------------------------------------------------------------+-----
Dodging        | 3 4 5 6 8 9 10 11 12 13 14 15 16 17 | 17.7
Armour         | 3 4 5 6 8 10 12 14 15 16 17 18 19 | 19.4
Long Blades    | 4 5 6 7 8 9 10 11 12 13 14 15 16 17 | 17.9
Fighting       | 4 5 7 8 9 10 11 12 13 14 15 16 17 | 17.9
Crossbows      | 3 4 6 7 8 9 |  9.9

Action                   |  1- 3 |  4- 6 |  7- 9 | 10-12 | 13-15 | 16-18 | 19-21 | 22-24 || total
-------------------------+-------+-------+-------+-------+-------+-------+-------+-------++-------
Melee: Falchion          |   131 |   143 |   258 |       |       |       |       |       ||   532
       Scimitar          |       |       |   133 |   313 |    70 |       |       |       ||   516
       Great sword       |       |       |       |   352 |   312 |   553 |   808 |    75 ||  2100
       Triple sword      |       |       |       |    75 |   396 |   636 |   503 |       ||  1610
       Battleaxe         |       |       |       |     7 |       |       |       |       ||     7
 Fire: Arbalest          |       |       |       |       |       |   128 |    14 |       ||   142
Invok: Berserk           |       |     3 |     3 |     6 |     5 |     4 |     4 |     1 ||    26
       Trog's Hand       |       |       |       |     1 |     2 |       |     6 |     1 ||    10
       Brothers in Arms  |       |       |       |       |     2 |       |     2 |     1 ||     5
Evoke: Wand              |       |       |       |     6 |     1 |       |       |       ||     7
  Use: Scroll            |     4 |     7 |       |    17 |    10 |    15 |     6 |       ||    59
       Potion            |       |       |       |       |       |       |     2 |       ||     2
 Stab: Distracted        |       |       |     1 |       |       |       |     1 |       ||     2
       Confused          |       |       |       |       |       |     1 |       |       ||     1
Armor: Ring mail         |     6 |       |       |       |       |       |       |       ||     6
       Animal skin       |     2 |       |       |       |       |       |       |       ||     2
       Plate armour      |    75 |    83 |   226 |   274 |       |   537 |   754 |    41 ||  1990
       Chain mail        |       |       |       |   216 |   375 |   147 |       |       ||   738
Dodge: Dodged            |    53 |    44 |   144 |   606 |   740 |  1242 |  1080 |    75 ||  3984
       Repelled          |       |       |       |       |       |     2 |       |       ||     2
       Rpst.: Falchion   |    13 |    12 |    28 |       |       |       |       |       ||    53
       Scimitar          |       |       |    18 |    42 |    11 |       |       |       ||    71
       Great sword       |       |       |       |    96 |    79 |   111 |   122 |    15 ||   423
       Triple sword      |       |       |       |    18 |   115 |   169 |    91 |       ||   393

Levels and vault maps discovered:
D:1:      dpeg_arrival_rooms_b, layout_rooms
D:2:      layout_basic
D:3:      layout_basic, overflow_temple_1_default
D:4:      layout_rooms, minmay_fire_ice_demons
D:5:      wad_crossroads, layout_basic, kennysheep_mini_moat, marbit_many_paths,
          minmay_temple_entry_fiery
D:6:      layout_loops_corners, okawaru_gym_becter, uniq_crazy_yiuf_cottage
D:7:      layout_layer_cave, uniq_menkaure
D:8:      layout_basic, kennysheep_mini, elyvilon_altar_1,
          yredelemnul_altar_generic, enter_bailey_2, serial_shops, shop
D:9:      layout_long_grid, eat_drink_and_be_merry_uskayaw,
          nicolae_overflow_hidden_temple, lair_entry_dummy, special_room
          [special_room_orc], trog_wizard
D:10:     layout_layer_cave, orc_0_dummy, serial_shops,
          nicolae_shop_statue_plus, uniq_maggie
D:11:     layout_rooms, gammafunk_ghost_ooze, serial_shops, shop_fountains,
          kennysheep_generic_room_10
D:12:     minmay_glassy_protrusions, layout_cave_pods, palyth_stone_intersect,
          nicolae_barding_shop
D:13:     gammafunk_worm_tunnel, layout_long_grid, grunt_vaults_entry_tiered,
          basic_altar, portal_ice_cave_entry_pillars_1, serial_rivers,
          chequers_serial_rivers_room_b, chequers_serial_rivers_micro_e,
          chequers_serial_rivers_small_a, chequers_serial_rivers_micro_e,
          chequers_serial_rivers_room_a, nicolae_trove_entry_path_of_doom,
          uniq_josephine
D:14:     layout_roguey, solitary_fountain, minivault_14, uniq_roxanne,
          uniq_snorg
D:15:     hangedman_depths_entry_try_elsewhere_first, layout_loops_corners,
          chequers_avenue, serial_shops, shop
Lair:1:   layout_hall_layers, lemuel_fruit_fields, lemuel_fruit_tree
Lair:2:   layout_chaotic_city, minmay_snake_entry_guardpost_small, uniq_fannar
Lair:3:   layout_loops_ring, swamp_mist, special_room [special_room_bee],
          grunt_megastairs_2
Lair:4:   layout_cave_pods, lemuel_oklob_altar
Lair:5:   layout_gridlike, st_stairs_8
Lair:6:   minmay_lair_end_frog_pond, layout_cave_pods,
          nicolae_slime_entry_slimehenge, infiniplex_staircase_pool_2
Swamp:1:  layout_basic_swamp, evilmike_swamp_ruin_house_2, swamp_pool1
Swamp:2:  layout_falls_marsh, evilmike_swamp_ruin_house_5
Swamp:3:  layout_falls_marsh, evilmike_swamp_ruin_rubble_1, swamp_pool1,
          infiniplex_staircase_pool
Swamp:4:  swamp_fiery, layout_basic_swamp
Snake:1:  layout_misc_corridors, grunt_ministairs_3, serial_bayou_shore_a,
          minmay_shoptagon, uniq_aizul, uniq_kirke, uniq_agnes, uniq_frances
Snake:2:  layout_chambers, drop_trap, serial_bayou_pond_c, serial_bayou_pond_e
Snake:3:  layout_misc_corridors, minmay_shop_grove
Snake:4:  minmay_snake_end_coiled, layout_gridlike, serial_shops, shop_statue,
          basic_altar, nicolae_coiled_stairwell_up, uniq_vashnia
Orc:1:    layout_caves, serial_shops, shop
Orc:2:    st_orc_elflike, layout_caves, nicolae_volcano_entry_lava_flow,
          basic_altar
Vaults:1: st_more_cells, v_misc_3, ontoclasm_vaults_claustrophobia,
          ontoclasm_vaults_ring_large, nicolae_vaults_diagonal_hallway_6,
          vaults_room_large_hall, nicolae_vaults_disjoint_gnomons,
          ontoclasm_vaults_ligature, layout_vaults_ring, serial_shops, shop
Vaults:2: vaults_room_pools, v_misc_28, nicolae_vaults_little_ls,
          nicolae_vaults_triangles, vaults_dpeg_hooks, vaults_room_semicircle,
          nicolae_vaults_disjoint_gnomons, ontoclasm_vaults_tryst,
          vaults_room_pool, hangedman_vaults_nails,
          nicolae_vaults_border_crossing, v_misc_16, layout_vaults_maze_snakey,
          serial_shops, bzr_firewalk, uniq_mara
Vaults:3: hangedman_vaults_restitches, nicolae_vaults_yaktaur_gun_rack,
          vaults_room_grunt_arrival_checkpoint, hangedman_vaults_stagger,
          ontoclasm_vaults_gateway, v_misc_5, v_rooms_1,
          nicolae_vaults_diagonal_hallway_6, vaults_dpeg_ring,
          layout_vaults_omnigrid, serial_shops, nicolae_shop_trees

Notes
Turn   | Place    | Note
-------+----------+-------------------------------------------
     0 | D:1      | infcreate the Human Berserker began the quest for the Orb.
     0 | D:1      | Reached XP level 1. HP: 18/18 MP: 1/1
   251 | D:1      | Reached XP level 2. HP: 22/24 MP: 2/2
  1095 | D:2      | Reached XP level 3. HP: 28/29 MP: 3/3
  1240 | D:2      | Reached ** piety under Trog
  1632 | D:3      | Found an opulent altar of Gozag.
  1709 | D:3      | Reached XP level 4. HP: 35/35 MP: 4/4
  2584 | D:4      | Reached skill level 3 in Dodging
  2584 | D:4      | Reached XP level 5. HP: 42/42 MP: 5/5
  2618 | D:4      | Reached skill level 3 in Armour
  2763 | D:4      | Reached skill level 4 in Long Blades
  2876 | D:4      | Reached skill level 4 in Fighting
  2876 | D:4      | Reached XP level 6. HP: 31/48 MP: 6/6
  3144 | D:5      | Entered Level 5 of the Dungeon
  3264 | D:5      | Noticed an ogre
  3268 | D:5      | Killed an ogre
  3269 | D:5      | Reached XP level 7. HP: 55/55 MP: 7/7
  3598 | D:5      | Found an ornate altar of the Wu Jian Council.
  3919 | D:5      | Found a staircase to the Ecumenical Temple.
  4168 | D:5      | Found a glowing golden altar of the Shining One.
  4452 | D:5      | Reached skill level 4 in Armour
  4452 | D:5      | Reached skill level 4 in Dodging
  4598 | D:6      | Reached *** piety under Trog
  4599 | D:6      | Reached skill level 5 in Fighting
  4599 | D:6      | Reached skill level 5 in Long Blades
  4599 | D:6      | Reached XP level 8. HP: 37/62 MP: 8/8
  4663 | D:6      | Found an iron altar of Okawaru.
  5137 | D:6      | Found a runed translucent door.
  5138 | D:6      | Noticed Crazy Yiuf
  5145 | D:6      | Killed Crazy Yiuf
  5468 | D:6      | Reached skill level 5 in Armour
  5468 | D:6      | Reached skill level 5 in Dodging
  5966 | D:6      | Reached skill level 6 in Long Blades
  5966 | D:6      | Reached XP level 9. HP: 68/69 MP: 9/9
  5973 | D:6      | Reached skill level 6 in Fighting
  6113 | D:6      | Reached skill level 6 in Armour
  6113 | D:6      | Reached skill level 6 in Dodging
  6252 | D:7      | Reached **** piety under Trog
  6407 | D:7      | Reached skill level 7 in Long Blades
  6551 | D:7      | Reached skill level 7 in Fighting
  6600 | D:7      | Noticed Menkaure
  6615 | D:7      | Killed Menkaure
  6720 | D:7      | Reached XP level 10. HP: 76/79 MP: 10/10
  6961 | D:7      | Reached skill level 7 in Armour
  6961 | D:7      | Reached skill level 7 in Dodging
  7615 | D:8      | Found Goxkofeh's General Store.
  7655 | D:8      | Found a flagged portal.
  7673 | Bailey   | Entered a bailey
  8062 | Bailey   | Reached ***** piety under Trog
  8176 | Bailey   | Reached skill level 8 in Long Blades
  8273 | Bailey   | Reached skill level 8 in Fighting
  8375 | Bailey   | Identified the +7 executioner's axe of the Well-Known
                  | Spirits {distort, Will+ Stlth+}
  8696 | Bailey   | Reached skill level 8 in Armour
  8713 | Bailey   | Reached skill level 8 in Dodging
  8903 | D:8      | Found a stormy altar of Qazlal.
  9033 | D:8      | Found a white marble altar of Elyvilon.
  9140 | D:8      | Found a basalt altar of Yredelemnul.
  9153 | D:8      | Reached XP level 11. HP: 70/87 MP: 11/11
  9526 | D:8      | Received a gift from Trog
  9846 | D:8      | Reached skill level 9 in Armour
 10059 | D:9      | Found a hide-covered altar of Uskayaw.
 10093 | D:9      | Found a hazy altar of Hepliaklqana.
 10096 | D:9      | Found a glowing silver altar of Zin.
 10195 | D:9      | Found a bloodstained altar of Trog.
 10197 | D:9      | Noticed a wizard
 10202 | D:9      | Killed a wizard
 10258 | D:9      | Reached skill level 9 in Long Blades
 10326 | D:9      | Reached skill level 9 in Fighting
 10400 | D:9      | Found a staircase to the Lair.
 10401 | D:9      | Noticed a boulder beetle
 10431 | D:10     | Entered Level 10 of the Dungeon
 10546 | D:9      | Killed a boulder beetle
 10720 | D:9      | Noticed a two-headed ogre
 10755 | D:9      | Killed a two-headed ogre
 10756 | D:9      | Reached skill level 10 in Armour
 10756 | D:9      | Reached skill level 9 in Dodging
 11778 | D:10     | Found Oxesm's Book Emporium.
 12010 | D:10     | Noticed Maggie
 12047 | D:10     | Killed Maggie
 12193 | D:10     | Noticed a cyclops
 12202 | D:10     | Killed a cyclops
 12203 | D:10     | Reached XP level 12. HP: 83/97 MP: 4/12
 12323 | D:10     | Found a staircase to the Orcish Mines.
 12687 | D:11     | Found Eniotisa's Weapon Shoppe.
 12739 | D:10     | Reached skill level 11 in Armour
 12793 | D:10     | Reached skill level 10 in Long Blades
 12842 | D:11     | Reached skill level 10 in Fighting
 13229 | D:11     | Found a runed translucent gate.
 13231 | D:11     | Found a runed translucent gate.
 13232 | D:11     | Found a runed translucent gate.
 13233 | D:11     | Noticed vatarom's ghost (journeyman OgHu)
 13235 | D:11     | Found a viscous altar of Jiyva.
 13315 | D:8      | Bought the +4 battleaxe of Afrevuff {flame, Str+3} for 630
                  | gold pieces
 13400 | Lair:1   | Entered Level 1 of the Lair of Beasts
 13472 | Lair:1   | Identified 2 scrolls of acquirement
 13472 | Lair:1   | Acquired a scarf of repulsion
 13474 | Lair:1   | Acquired the +5 triple sword of Ruhag {freeze, *Slow rN+
                  | Dex+5}
 13543 | Lair:1   | Reached skill level 10 in Dodging
 14046 | Lair:2   | Reached skill level 12 in Armour
 14073 | Lair:2   | Noticed Fannar
 14108 | Lair:2   | Killed Fannar
 14291 | Lair:2   | Found a staircase to the Snake Pit.
 14421 | Lair:2   | Noticed an eight-headed hydra
 14434 | Lair:2   | Killed a four-headed hydra
 14556 | Lair:2   | Reached XP level 13. HP: 104/104 MP: 13/13
 14900 | Lair:3   | Received a gift from Trog
 14913 | Lair:3   | Reached skill level 11 in Long Blades
 14927 | Lair:3   | Reached skill level 11 in Fighting
 15073 | Lair:3   | Found a staircase to the Swamp.
 15621 | Lair:4   | Noticed a catoblepas
 15632 | Lair:4   | Killed a catoblepas
 15633 | Lair:4   | Reached skill level 13 in Armour
 15837 | Lair:4   | Noticed a seven-headed hydra
 15848 | Lair:4   | Killed a three-headed hydra
 15849 | Lair:4   | Reached skill level 11 in Dodging
 15994 | Lair:4   | Found a shimmering blue altar of Sif Muna.
 16142 | Lair:4   | Identified Sif Muna's Papyrus of Toxic Summoning
 16723 | Lair:5   | Noticed a six-headed hydra
 16742 | Lair:5   | Killed a one-headed hydra
 16788 | Lair:5   | Reached skill level 14 in Armour
 16798 | Lair:5   | Noticed a seven-headed hydra
 16813 | Lair:5   | Killed a one-headed hydra
 16887 | Lair:5   | Reached XP level 14. HP: 114/114 MP: 14/14
 16976 | Lair:5   | Received a gift from Trog
 17007 | Lair:4   | Reached skill level 12 in Long Blades
 17230 | Lair:5   | Reached skill level 12 in Fighting
 17374 | Lair:6   | Entered Level 6 of the Lair of Beasts
 17463 | Lair:6   | Found a staircase to the Slime Pits.
 17825 | Lair:6   | Reached skill level 12 in Dodging
 17885 | Lair:6   | Reached ****** piety under Trog
 18333 | Lair:6   | Reached skill level 15 in Armour
 19058 | Lair:6   | Reached XP level 15. HP: 98/122 MP: 15/15
 19235 | Lair:5   | Received a gift from Trog
 19241 | Lair:5   | Got a steaming great sword {god gift}
 19242 | Lair:5   | Identified the +6 great sword "Uqeh" {flame, *Corrode Will+
                  | Dex+3} (Trog gifted it to you on level 5 of the Lair of
                  | Beasts)
 19930 | D:12     | Reached skill level 13 in Long Blades
 20058 | D:12     | Reached skill level 13 in Fighting
 20267 | D:12     | Reached skill level 1 in Crossbows
 20274 | D:12     | Noticed a tengu reaver
 20274 | D:12     | Noticed a sphinx
 20283 | D:12     | Killed a sphinx
 20284 | D:12     | Noticed a sphinx
 20302 | D:12     | Killed a tengu reaver
 20312 | D:12     | Killed a sphinx
 20313 | D:12     | Reached skill level 13 in Dodging
 20369 | D:12     | Got a flickering amber ring
 20370 | D:12     | Identified the ring "Olegieh" {rN+ Str+5} (You found it on
                  | level 12 of the Dungeon)
 20664 | D:12     | Reached skill level 2 in Crossbows
 20665 | D:12     | Found Huipp's Specialty Armours.
 20902 | D:13     | Found an ancient bone altar of Kikubaaqudgha.
 20945 | D:13     | Found a frozen archway.
 20998 | IceCv    | Entered an ice cave
 21095 | IceCv    | Received a gift from Trog
 21545 | IceCv    | Noticed a frost giant
 21565 | IceCv    | Killed a frost giant
 21819 | D:13     | Found a portal to a secret trove of treasure.
 21832 | D:13     | Reached skill level 3 in Crossbows
 22123 | D:13     | Reached XP level 16. HP: 131/131 MP: 16/16
 22234 | D:13     | Found a gate to the Vaults.
 22451 | D:13     | Found a transporter.
 22459 | D:13     | Received a gift from Trog
 22499 | D:13     | Noticed Josephine
 22506 | D:13     | Killed Josephine
 22541 | D:13     | You fall into a shaft and drop 2 floors!
 22541 | D:15     | Entered Level 15 of the Dungeon
 22753 | D:14     | Identified Roxanne's Catalogue of Changing
 22753 | D:14     | Noticed Roxanne
 22929 | D:14     | Reached skill level 16 in Armour
 22971 | D:13     | Found a transporter.
 23716 | D:14     | Noticed Snorg
 23721 | D:14     | Killed Snorg
 23768 | D:14     | Received a gift from Trog
 23782 | D:14     | Reached skill level 14 in Fighting
 23782 | D:14     | Reached skill level 14 in Long Blades
 23972 | D:14     | Reached skill level 4 in Crossbows
 24248 | D:14     | Killed Roxanne
 24774 | D:15     | Reached skill level 14 in Dodging
 24901 | D:15     | Found Cuhytonn's Antique Weapon Emporium.
 25356 | D:15     | Found a staircase to the Depths.
 25622 | Orc:1    | Entered Level 1 of the Orcish Mines
 25705 | Orc:2    | Entered Level 2 of the Orcish Mines
 25737 | Orc:2    | Found a roughly hewn altar of Beogh.
 25825 | Orc:2    | Found a dark tunnel.
 25844 | Volcano  | Entered a volcano
 26071 | Volcano  | Paralysed by an orc sorcerer for 6 turns
 26081 | Volcano  | Paralysed by an orc sorcerer for 3 turns
 26089 | Volcano  | Received a gift from Trog
 26249 | Orc:2    | Found a staircase to the Elven Halls.
 26289 | Orc:1    | Found Anetiucla's Antique Weapon Shop.
 26341 | Orc:2    | Reached XP level 17. HP: 137/140 MP: 17/17
 26790 | Orc:2    | Paralysed by an orc sorcerer for 4 turns
 27220 | Orc:2    | Found Feruraar's Jewellery Boutique.
 27306 | Orc:2    | Reached skill level 5 in Crossbows
 27420 | Orc:2    | Identified a +0 robe of the Archmagi
 27476 | Orc:2    | Found Myuskik's Weapon Boutique.
 27477 | Orc:2    | Found Wibbyorir's Assorted Antiques.
 27477 | Orc:2    | Found Riexoef's Book Shoppe.
 27541 | Orc:2    | Bought a +6 ring of dexterity for 819 gold pieces
 27708 | Swamp:1  | Entered Level 1 of the Swamp
 27832 | Swamp:1  | Received a gift from Trog
 28658 | Swamp:2  | Identified a +0 robe of the Archmagi
 29237 | Swamp:2  | Reached skill level 15 in Long Blades
 29244 | Swamp:2  | Reached skill level 15 in Fighting
 29919 | Swamp:3  | Noticed a thorn hunter
 29966 | Swamp:3  | Killed a thorn hunter
 30028 | Swamp:3  | Reached skill level 17 in Armour
 30175 | Swamp:2  | Reached skill level 6 in Crossbows
 30175 | Swamp:2  | Reached XP level 18. HP: 119/149 MP: 18/18
 30544 | Swamp:3  | Received a gift from Trog
 30630 | Swamp:4  | Entered Level 4 of the Swamp
 30647 | Swamp:4  | Reached skill level 15 in Dodging
 31850 | Swamp:4  | Got a decaying rune of Zot
 32081 | D:11     | Killed vatarom's ghost
 32270 | Snake:1  | Entered Level 1 of the Snake Pit
 32274 | Snake:1  | Received a gift from Trog
 32281 | Snake:1  | Noticed Frances
 32490 | Snake:1  | Killed Frances
 32993 | Snake:1  | Noticed Agnes
 33007 | Snake:1  | Killed Agnes
 33130 | Snake:1  | Noticed Aizul
 33146 | Snake:1  | Killed Aizul
 33269 | Snake:1  | Reached skill level 7 in Crossbows
 33313 | Snake:1  | Found Awij Naa's Antique Weapon Shoppe.
 33316 | Snake:1  | Found Morouk's Armour Emporium.
 33330 | Snake:1  | Noticed Kirke
 33583 | Snake:1  | Killed Kirke
 33584 | Snake:1  | Reached XP level 19. HP: 157/157 MP: 19/19
 33830 | Snake:2  | Received a gift from Trog
 34575 | Snake:2  | Reached skill level 16 in Long Blades
 34586 | Snake:2  | Reached skill level 16 in Fighting
 35470 | Snake:3  | Found Gotatac's Gadget Shoppe.
 35474 | Snake:3  | Found Lite Nut's Jewellery Shop.
 35475 | Snake:3  | Found Saqixul's Gadget Shoppe.
 35488 | Snake:3  | Bought the ring of Ziajemeoqi {rElec rF+ rC+} for 782 gold
                  | pieces
 36045 | Snake:3  | Reached skill level 16 in Dodging
 36047 | Snake:3  | Received a gift from Trog
 36265 | Snake:3  | Reached skill level 18 in Armour
 36403 | Snake:4  | Entered Level 4 of the Snake Pit
 36576 | Snake:4  | Found a basalt altar of Yredelemnul.
 36832 | Snake:4  | Noticed Vashnia
 36986 | Snake:3  | Reached skill level 8 in Crossbows
 37091 | Snake:4  | Killed Vashnia
 37313 | Snake:4  | Received a gift from Trog
 37559 | Snake:4  | Reached XP level 20. HP: 166/166 MP: 13/20
 38432 | Snake:4  | Found Vediywai's Antique Weapon Boutique.
 38435 | Snake:4  | Bought a twisted arbalest for 294 gold pieces
 38435 | Snake:4  | Identified the cursed +3 arbalest "Jaimar" {venom, rElec
                  | Str-2 Int+8 Dex-4} (You bought it in a shop on level 4 of
                  | the Snake Pit)
 38793 | Snake:4  | Got a serpentine rune of Zot
 39783 | Vaults:1 | Entered Level 1 of the Vaults
 40026 | Vaults:1 | Received a gift from Trog
 40042 | Vaults:1 | Got a faintly glowing great sword {god gift}
 40043 | Vaults:1 | Identified the +10 great sword of Goedd {vorpal, rF+} (Trog
                  | gifted it to you on level 1 of the Vaults)
 40741 | Vaults:1 | You are cast into the Abyss!
 40741 | Vaults:1 | Cast into level 4 of the Abyss (a lich)
 41066 | Abyss:4  | Reached skill level 17 in Long Blades
 41239 | Abyss:4  | Reached skill level 17 in Fighting
 41250 | Vaults:1 | You pass through the gate.
 41250 | Vaults:1 | Escaped the Abyss
 41305 | Vaults:1 | HP: 15/163 [large abomination[an ironheart preserver] (36)]
 41371 | Vaults:1 | Reached skill level 9 in Crossbows
 41382 | Vaults:1 | Reached skill level 17 in Dodging
 41382 | Vaults:1 | Reached XP level 21. HP: 59/174 MP: 21/21
 41683 | Vaults:1 | Received a gift from Trog
 41832 | Vaults:1 | Found Fuujenn's Book Emporium.
 42643 | Vaults:2 | Reached skill level 19 in Armour
 42929 | Vaults:2 | Noticed Mara
 42937 | Vaults:2 | Noticed infcreate's illusion
 42941 | Vaults:2 | Killed Mara
 42941 | Vaults:2 | Received a gift from Trog
 43718 | Vaults:2 | Found a staircase to the Crypt.
 43773 | Vaults:2 | Found a gateway to a bazaar.
 43782 | Bazaar   | Entered a bazaar
 43786 | Bazaar   | Found Onlef's Book Emporium.
 43793 | Bazaar   | Found Veqyoc's Book Emporium.
 43798 | Bazaar   | Found Zety's Armour Shoppe.
 43804 | Bazaar   | Found Tunacoac's Book Shop.
 44284 | Vaults:3 | Reached XP level 22. HP: 183/183 MP: 22/22
 44362 | Vaults:3 | Got a brightly glowing triple crossbow
 44363 | Vaults:3 | Identified the +6 triple crossbow of Itycs {elec, *Contam
                  | Fragile Str+8 Dex+4} (You found it on level 3 of the
                  | Vaults)
 44367 | Vaults:3 | Gained mutation: You are strong-willed. (Will+) [mutagenic
                  | glow]
 44512 | Vaults:3 | Received a gift from Trog
 44753 | Vaults:3 | HP: 17/183 [stone giant (21)]
 44756 | Vaults:3 | Slain by a stone giant

Vanquished Creatures
  Mara (Vaults:2)
  Vashnia (Snake:4)
  A thorn hunter (Swamp:3)
  A sphinx (D:12)
  Frances (Snake:1)
  A tentacled starspawn (Abyss:4)
  A tengu reaver (D:12)
  Agnes (Snake:1)
  Kirke (Snake:1)
  Roxanne (D:14)
  8 nagarajas
  4 vault wardens
  A frost giant (IceCv)
  An emperor scorpion (D:15)
  Aizul (Snake:1)
  5 stone giants
  9 ironheart preservers
  2 deep elf demonologists (Vaults:1)
  A dire elephant (D:15)
  4 bunyips
  A deep elf death mage (Vaults:1)
  4 eleionomae
  Josephine (D:13)
  2 ettins
  Snorg (D:14)
  The ghost of vatarom the Basher, a journeyman OgHu of Okawaru (D:11)
  4 fire dragons
  2 yaktaur captains
  Fannar (Lair:2)
  A great orb of eyes (Vaults:1)
  14 naga warriors
  A rakshasa (Vaults:2)
  6 vault guards
  23 hydras
  An ice dragon (Vaults:1)
  A shambling mangrove (Swamp:2)
  6 boulder beetles
  2 ghost crabs
  A catoblepas (Lair:4)
  7 centaur warriors
  28 two-headed ogres
  8 alligators
  7 anacondas
  2 deep troll shamans (Vaults:3)
  A death knight (Vaults:2)
  2 deep troll earth magi (Vaults:1)
  7 ogre magi
  9 death yaks
  4 orc high priests (Orc:2)
  4 thrashing horrors
  8 shock serpents
  3 deep elf knights (Vaults:1)
  20 naga sharpshooters
  A shadow wraith (Vaults:2)
  A salamander mystic (Snake:3)
  A fire crab (Swamp:4)
  2 wretched stars (Abyss:4)
  5 skeletal warriors (Vaults:2)
  5 goliath frogs
  A death drake (shapeshifter) (Abyss:4)
  4 unseen horrors
  A glowing orange brain (Vaults:2)
  14 deep trolls
  3 sea snakes (Snake:1)
  2 bog bodies
  4 spriggan druids
  3 ironbrand convokers
  4 naga ritualists
  14 swamp dragons
  3 wizards
  2 phantasmal warriors
  2 deep elf archers (Vaults:1)
  A lindwurm (Swamp:4)
  14 orc knights
  A necromancer (D:13)
  A wolf spider zombie (D:14)
  7 orc sorcerers
  8 mana vipers
  2 deep elf magi (Vaults:1)
  An oklob plant (Lair:4)
  A worldbinder (Abyss:4)
  2 manticores
  6 cyclopes
  7 will-o-the-wisps
  31 ugly things
  9 salamanders
  2 centaur zombies
  36 black mambas
  4 guardian serpents
  3 vault sentinels (Vaults:1)
  18 naga magi
  A water nymph (shapeshifter) (Vaults:1)
  23 cane toads
  An apocalypse crab (Abyss:4)
  A torpor snail (Lair:6)
  An ice statue (IceCv)
  A smoke demon (Volcano)
  4 komodo dragons
  An efreet (Abyss:4)
  Maggie (D:10)
  3 rime drakes
  15 yaktaurs
  3 freezing wraiths (Vaults:2)
  A tengu conjurer (D:14)
  2 trolls
  A komodo dragon (shapeshifter) (Vaults:1)
  2 guardian mummies (D:13)
  3 red devils (Volcano)
  15 polar bears
  A queen bee (Lair:3)
  3 ancient zymes (Abyss:4)
  9 tyrant leeches
  A jumping spider (shapeshifter) (Vaults:1)
  3 bloated husks
  12 hornets
  7 slime creatures
  30 blink frogs
  A raiju (Abyss:4)
  A hornet (shapeshifter) (Vaults:2)
  A starcursed mass (Abyss:4)
  A shadow (D:11)
  3 flying skulls (Abyss:4)
  84 yaks
  11 spriggans
  8 wraiths
  A water elemental (D:14)
  5 wyverns
  A fire bat (shapeshifter) (Vaults:2)
  4 fire bats (Swamp:4)
  18 humans (D:13)
  3 steam dragons (Swamp:4)
  A human simulacrum (Vaults:2)
  7 hogs (Snake:1)
  2 basilisks
  9 vampire mosquitoes
  Menkaure (D:7)
  23 swamp worms
  A warg (Vaults:3)
  65 nagas
  2 acid dragons (D:12)
  A hell hound (Volcano)
  8 water moccasins
  5 swamp drakes
  52 orc warriors
  4 sky beasts
  A hornet zombie (D:13)
  A necrophage (D:6)
  2 phantoms
  2 ice beasts
  4 black bears
  13 wolves (IceCv)
  26 centaurs
  An eye of draining (shapeshifter) (Vaults:1)
  27 ogres
  2 big kobolds
  20 bullfrogs
  2 wyvern skeletons
  7 scorpions
  An elf simulacrum (Vaults:2)
  25 killer bees
  10 howler monkeys
  13 wights
  4 electric eels
  A crimson imp (D:4)
  A lava snake (Swamp:4)
  3 bullfrog zombies
  A quasit (Abyss:4)
  A gnoll shaman (D:7)
  19 orc priests
  2 bullfrog skeletons (D:12)
  3 centaur skeletons
  4 hounds
  12 jellies
  30 orc wizards
  Crazy Yiuf (D:6)
  5 iguanas
  19 worker ants
  2 hound skeletons
  13 gnolls
  6 adders
  3 white imps
  An ufetubus (D:3)
  3 oozes
  3 adder skeletons
  2 worms (D:3)
  5 leopard geckos
  134 orcs
  3 giant cockroaches
  3 goblins
  6 hobgoblins
  6 jackals
  5 quokkas
  A ball python (D:2)
  5 bats
  6 frilled lizards
  A jackal skeleton (D:9)
  17 kobolds
  2 leopard gecko zombies (D:5)
  A quokka skeleton (D:9)
  4 rats
  19 briar patches (D:13)
1437 creatures vanquished.

Vanquished Creatures (collateral kills)
  A lich (Vaults:1)
  A sphinx (D:12)
  A large abomination (Vaults:1)
  A vault warden (Vaults:1)
  An ogre mage (Vaults:1)
  3 two-headed ogres (Vaults:1)
  2 deep trolls (Vaults:1)
  An ironbrand convoker (Vaults:1)
  A scorpion (D:12)
12 creatures vanquished.

Vanquished Creatures (others)
  A deep elf knight (Vaults:3)
  A swamp dragon (Swamp:4)
  A spriggan druid (Swamp:1)
  A lindwurm (Swamp:4)
  A mana viper (Snake:3)
  A wizard (D:9)
  2 komodo dragons (Lair:6)
  A tengu conjurer (D:14)
  3 steam dragons (Swamp:4)
  3 swamp drakes (Swamp:4)
  5 boggarts (Vaults:2)
  An orc wizard (Vaults:2)
  A briar patch (Swamp:3)
  22 foxfires
  25 fungi
  A lurking horror (Abyss:4)
  118 plants
  2 starspawn tentacles (Abyss:4)
  A withered plant (D:8)
191 creatures vanquished.

Grand Total: 1640 creatures vanquished

Table legend: (Time is in decaauts)
 A = Elapsed time spent in this place.
 B = Non-inter-level travel time spent in this place.
 C = Inter-level travel time spent in this place.
 D = Time resting spent in this place.
 E = Time spent auto-exploring this place.
 F = Levels seen in this place.
 G = Mean time per level.
                   A        B        C        D        E       F      G
               +--------+--------+--------+--------+--------+-----+--------+
         Total |  45845 |  23894 |  21951 |   9806 |      0 |  39 | 1175.5 |
       Dungeon |  18109 |   7126 |  10983 |   2558 |      0 |  15 | 1207.3 |
          Lair |   6895 |   3189 |   3706 |   1495 |      0 |   6 | 1149.2 |
         Swamp |   4643 |   2593 |   2050 |   1124 |      0 |   4 | 1160.8 |
     Snake Pit |   7339 |   4237 |   3102 |   2066 |      0 |   4 | 1834.8 |
  Orcish Mines |   1699 |    928 |    771 |    270 |      0 |   2 |  849.5 |
        Vaults |   4294 |   2956 |   1338 |   1247 |      0 |   3 | 1431.3 |
         Abyss |    504 |    504 |      0 |    318 |      0 |   1 |  504.0 |
        Bazaar |     68 |     68 |      0 |      0 |      0 |   1 |   68.0 |
        Bailey |   1190 |   1190 |      0 |    312 |      0 |   1 | 1190.0 |
      Ice Cave |    752 |    752 |      0 |    298 |      0 |   1 |  752.0 |
       Volcano |    347 |    347 |      0 |    113 |      0 |   1 |  347.0 |
               +--------+--------+--------+--------+--------+-----+--------+

Top non-repeatable levels by time:
 Snake:4: 2554 daAuts
Vaults:1: 2151 daAuts
    D:10: 1892 daAuts
 Snake:3: 1870 daAuts
  Lair:6: 1837 daAuts
Vaults:2: 1746 daAuts
    D:13: 1746 daAuts
 Snake:2: 1608 daAuts
     D:6: 1591 daAuts
     D:5: 1495 daAuts
  Lair:5: 1447 daAuts
     D:7: 1391 daAuts
     D:9: 1363 daAuts
 Swamp:2: 1346 daAuts
     D:8: 1315 daAuts

Table legend:
 A = Non-vault XP
 B = Vault XP
 C = Vault XP percentage of total XP
 D = Non-vault monster count
 E = Vault monster count
 F = Vault count percentage of total count
                 A         B        C        D         E       F
            +---------+---------+-------+---------+---------+-------
      Total |  345957 |  171849 |  33.2 |    1011 |     421 |  29.4
            +---------+---------+-------+---------+---------+-------
        D:1 |      24 |       0 |   0.0 |      16 |       0 |   0.0
        D:2 |      31 |       0 |   0.0 |      14 |       0 |   0.0
        D:3 |      42 |       0 |   0.0 |      15 |       0 |   0.0
        D:4 |     220 |      61 |  21.7 |       8 |       2 |  20.0
        D:5 |     341 |     158 |  31.7 |      18 |       5 |  21.7
        D:6 |    2347 |      41 |   1.7 |      31 |       1 |   3.1
        D:7 |    1191 |     175 |  12.8 |      35 |       1 |   2.8
        D:8 |    1878 |     503 |  21.1 |      30 |      22 |  42.3
        D:9 |    4833 |      12 |   0.2 |      33 |       4 |  10.8
       D:10 |    3738 |     379 |   9.2 |      37 |       1 |   2.6
       D:11 |    2061 |    1528 |  42.6 |      10 |       6 |  37.5
       D:12 |    7069 |    6274 |  47.0 |      39 |       6 |  13.3
       D:13 |    6235 |   11591 |  65.0 |      33 |      38 |  53.5
       D:14 |    8624 |    3036 |  26.0 |      30 |       2 |   6.2
       D:15 |   11031 |    4090 |  27.0 |      25 |       4 |  13.8
     Lair:1 |    1516 |       0 |   0.0 |       6 |       0 |   0.0
     Lair:2 |    6790 |    1664 |  19.7 |      17 |       5 |  22.7
     Lair:3 |    2519 |    1772 |  41.3 |      12 |      19 |  61.3
     Lair:4 |    8941 |     542 |   5.7 |      14 |       1 |   6.7
     Lair:5 |   10628 |    3009 |  22.1 |      35 |       9 |  20.5
     Lair:6 |   14410 |    8964 |  38.4 |      39 |      41 |  51.2
    Swamp:1 |   17560 |       0 |   0.0 |      35 |       0 |   0.0
    Swamp:2 |   16591 |       0 |   0.0 |      29 |       0 |   0.0
    Swamp:3 |    8515 |    2962 |  25.8 |      14 |       5 |  26.3
    Swamp:4 |   13297 |    9866 |  42.6 |      25 |      17 |  40.5
    Snake:1 |   16884 |    9747 |  36.6 |      34 |      13 |  27.7
    Snake:2 |   20172 |       0 |   0.0 |      33 |       0 |   0.0
    Snake:3 |   24247 |    1659 |   6.4 |      43 |       2 |   4.4
    Snake:4 |   21158 |   26548 |  55.6 |      42 |      40 |  48.8
      Orc:1 |    2718 |       0 |   0.0 |      25 |       0 |   0.0
      Orc:2 |    4978 |    8338 |  62.6 |      64 |      25 |  28.1
   Vaults:1 |   51802 |   12524 |  19.5 |      79 |      15 |  16.0
   Vaults:2 |   35040 |   29569 |  45.8 |      55 |      33 |  37.5
   Vaults:3 |   10245 |    7813 |  43.3 |      18 |       9 |  33.3
    Abyss:4 |    8281 |    2567 |  23.7 |      18 |       2 |  10.0
     Bailey |       0 |    2274 | 100.0 |       0 |      39 | 100.0
      IceCv |       0 |   12096 | 100.0 |       0 |      48 | 100.0
    Volcano |       0 |    2087 | 100.0 |       0 |       6 | 100.0
            +---------+---------+-------+---------+---------+-------
